 Dungeon Crawl Stone Soup version 0.30-a0-859-gf88a04b62d (webtiles) character file.

Game seed: 13198851569244665907

2 qeuew the Shooter (level 1, -1/10 HPs)
             Began as a Spriggan Hunter on Mar 6, 2023.
             Slain by a jackal (3 damage)
             ... on level 1 of the Dungeon.
             The game lasted 00:00:19 (72 turns).

qeuew the Shooter (Spriggan Hunter)                   Turns: 72, Time: 00:00:20

Health: -1/10      AC:  2    Str:  7    XL:     1   Next: 25%
Magic:  2/2        EV: 17    Int: 10    God:
Gold:   14         SH:  0    Dex: 18    Spells: 0/0 levels left

rFire   . . .      SeeInvis +    a - +0 shortbow
rCold   . . .      Faith    .    (shield currently unavailable)
rNeg    . . .      Spirit   .    c - +0 robe
rPois   .          Reflect  .    (helmet restricted)
rElec   .          Rampage  .    (no cloak)
rCorr   .                        (gloves unavailable)
Will    .....                    (boots unavailable)
Stlth   ++                       (no amulet)
HPRegen 0.21/turn                (no ring)
MPRegen 0.08/turn                (no ring)

@: very quick
A: very small, no large weapons, unfitting armour, see invisible, speed 3
a: no special abilities


You were on level 1 of the Dungeon.
You visited 1 branch of the dungeon, and saw 1 of its levels.

You collected 14 gold pieces.

Inventory:

Hand Weapons
 a - a +0 shortbow (weapon)
Armour
 c - a +0 robe (worn)
Scrolls
 b - a scroll of immolation
Potions
 d - a potion of curing {unknown}
 e - a potion of haste {unknown}


   Skills:
 + Level 1.6 Fighting
 * Level 4.0 Ranged Weapons
 + Level 2.7 Dodging
 + Level 1.6 Stealth


You couldn't memorise any spells.
You didn't know any spells.
Your spell library was empty.

Dungeon Overview and Level Annotations

Branches:
Dungeon (1/15)

Altars:


Innate Abilities, Weirdness & Mutations

You are very small and have problems with some larger weapons.
You are too small for most types of armour.
You have supernaturally acute eyesight. (SInv)
You cover ground extremely quickly. (Speed+++)


Message History

You shoot an arrow. The arrow closely misses the jackal. x2
The arrow hits the jackal but does no damage.
The jackal barely misses you.
There are monsters nearby!
You shoot an arrow.
The arrow hits the jackal but does no damage.
The jackal is moderately wounded.
The jackal barely misses you. The jackal closely misses you.
The jackal misses you.
You shoot an arrow. The arrow barely misses the jackal.
The jackal barely misses you. The jackal bites you. x2
The jackal closely misses you.
You are too injured to fight recklessly!
You are too injured to fight recklessly!
You are too injured to fight recklessly!
You are too injured to fight recklessly!
The jackal closely misses you.
You see here a +0 club.
The jackal stops to sniff the ground.
Fire: a) +0 shortbow
Press: ? - help, Q - select action Shift-Dir - straight line, f/p - jackal
Aim: a jackal (heavily wounded, 56% to hit)
You shoot an arrow. The arrow hits the jackal.
The jackal is moderately wounded.
The jackal bites you.
Fire: a) +0 shortbow
Press: ? - help, Q - select action Shift-Dir - straight line, f/p - jackal
Aim: a jackal (heavily wounded, 56% to hit)
You shoot an arrow. The arrow hits the jackal.
The jackal is severely wounded.
The jackal misses you.
Fire: a) +0 shortbow
Press: ? - help, Q - select action Shift-Dir - straight line, f/p - jackal
Aim: a jackal (heavily wounded, 56% to hit)
You shoot an arrow. The arrow closely misses the jackal. x2
The jackal bites you.
* * * LOW HITPOINT WARNING * * *
The jackal completely misses you. The jackal barely misses you.
The jackal closely misses you. The jackal bites you.
You die...

##......#.#.##..........
#.#....#...#.......#...
#.#....#####....##.....
#.............####.....
#..###.###....# ##....
#..#.....#....# #....
#..#.#h#.#....# #.... #.
#.hh#.#....# #.... ##h@#
#....# #....
#..........#...
#.###.###...... .. ....
.#. ... #.#. .. . #. .
## #.


You could see 4 jackals.

Vanquished Creatures
  2 goblins (D:1)
2 creatures vanquished.

Notes
Turn   | Place    | Note
-------+----------+-------------------------------------------
     0 | D:1      | qeuew the Spriggan Hunter began the quest for the Orb.
     0 | D:1      | Reached XP level 1. HP: 10/10 MP: 2/2
    72 | D:1      | Slain by a jackal

Illustrated notes

Levels and vault maps discovered:
D:1:      tarquinn_simple_flora_water_a, layout_basic,
          ebering_ecumenical_altar_rust, corexii_corridor_pit

Action                     || total
---------------------------++-------
   Fire: Shortbow          ||    16
  Dodge: Dodged            ||    11

Table legend: (Time is in decaauts)
 A = Elapsed time spent in this place.
 B = Non-inter-level travel time spent in this place.
 C = Inter-level travel time spent in this place.
 D = Time resting spent in this place.
 E = Time spent auto-exploring this place.
 F = Levels seen in this place.
 G = Mean time per level.
                   A        B        C        D        E       F      G
               +--------+--------+--------+--------+--------+-----+--------+
         Total |     54 |     54 |      0 |      0 |     23 |   1 |   54.0 |
       Dungeon |     54 |     54 |      0 |      0 |     23 |   1 |   54.0 |
               +--------+--------+--------+--------+--------+-----+--------+

Top non-repeatable levels by time:
     D:1: 54 daAuts
